 Dungeon Crawl Stone Soup version 0.30-a0-223-gcb0039aa0c (webtiles) character file.

Game seed: 6801660066543275942

232 heikuro the Shield-Bearer (level 6, -4/42 (49) HPs)
             Began as a Formicid Fighter on Oct 9, 2022.
             Slain by a wight
             ... wielding a +0 flail
              (10 damage)
             ... on level 4 of the Dungeon.
             The game lasted 00:07:56 (2846 turns).

heikuro the Shield-Bearer (Formicid Fighter)        Turns: 2846, Time: 00:07:57

HP:   -4/42 (49)    AC:  9    Str: 28    XL:     6   Next: 25%
MP:   6/6           EV: 10    Int:  7    God:
Gold: 139           SH:  4    Dex:  8    Spells: 5/5 levels left

rFire   x . .      SeeInvis +    a - +1 trident
rCold   + . .      Faith    .    c - +0 buckler
rNeg    . . .      Spirit   .    o - +0 swamp dragon scales
rPois   +          Reflect  .    (helmet unavailable)
rElec   .          Harm     .    p - +0 cloak
rCorr   .          Rampage  .    (no gloves)
Will    .....                    (no boots)
Stlth   ..........               (no amulet)
HPRegen 0.27/turn                q - ring of the Priest {Ice Str+5 Dex-5}
MPRegen 0.10/turn                (no ring)

@: mighty, heavily drained, invisible
A: permanent stasis, dig shafts and tunnels, antennae 3, four strong arms
a: Dig, Shaft Self


You were on level 4 of the Dungeon.
You visited 1 branch of the dungeon, and saw 4 of its levels.

You collected 139 gold pieces.

Inventory:

Hand Weapons
 a - a +1 trident (weapon)
Missiles
 t - 2 throwing nets
Armour
 c - a +0 buckler (worn)
 o - +0 swamp dragon scales (worn)
 p - a +0 cloak (worn)
Jewellery
 q - the ring of the Priest (left hand) {Ice Str+5 Dex-5}
   (You found it on level 3 of the Dungeon)

   [ring of ice]

   It enhances your ice magic.
   Str:       It affects your strength (+5).
   Dex:       It affects your dexterity (-5).
   rF:        It makes you vulnerable to fire.
   rC:        It protects you from cold.
Scrolls
 b - a scroll of blinking {unknown}
 e - a scroll of teleportation {unknown}
 f - a scroll of poison {unknown}
 h - a scroll of enchant weapon
 i - a scroll of immolation {unknown}
 j - a scroll of vulnerability {unknown}
 k - a scroll of magic mapping {unknown}
 m - a scroll of noise {unknown}
 n - a scroll of fog {unknown}
Potions
 g - 2 potions of curing
 r - a potion of mutation {unknown}
 s - a potion of heal wounds {unknown}


   Skills:
 + Level 4.3 Fighting
 * Level 4.0 Polearms
 + Level 4.3 Armour
 + Level 5.2 Shields


You had 5 spell levels left.
You didn't know any spells.
Your spell library was empty.

Dungeon Overview and Level Annotations

Branches:
Dungeon (4/15)
 Temple: D:4-7

Altars:


Innate Abilities, Weirdness & Mutations

You cannot be hasted, slowed, berserked, paralysed or teleported.
You can dig through walls and to a lower floor.
You have a pair of large antennae on your head. (SInv)
Your four strong arms can wield two-handed weapons with a shield.


Message History

There is an open door here.
A goblin comes into view. It is wielding a +0 club.
The goblin shouts!
You reach to attack!
You closely miss the goblin. You closely miss the goblin.
You block the goblin's attack.
You miss the goblin. The goblin hits you but does no damage.
You puncture the goblin!
You kill the goblin!
No target in view!
No target in view!
You see here a +0 club.
A wight comes into view. It is wielding a +0 flail.
A wight comes into view.
It is wielding a +2 long sword of freezing.
The wight hits you but does no damage.
A wight comes into view. It is wielding a +0 battleaxe.
You open the door. The wight closely misses you.
Found a scroll labelled WAWECHOUGA.
There is an open door here.
You closely miss the wight. The wight completely misses you.
The wight hits you with a +0 flail!
You feel drained.
You closely miss the wight. The wight hits you with a +0 flail.
You hit the wight but do no damage.
You feel very mighty all of a sudden. The wight hits you with a +0 flail.
You feel drained.
The wight hits you with a +2 long sword of freezing.
You feel drained. The wight freezes you.
You puncture the wight!
The wight is severely damaged.
You block the wight's attack.
You completely miss the wight.
The wight is severely damaged.
You block the wight's attack.
The wight hits you with a +2 long sword of freezing!
* * * LOW HITPOINT WARNING * * *
You feel drained. The wight freezes you.
* * * LOW HITPOINT WARNING * * *
Okay, then.
You fade into invisibility!
The wight barely misses you. x2; The wight hits you with a +0 flail!
You die...

#....##...##....#..
#....'..........#..
#....#..........#..
#######.........#..
##########...?#########'##..
#.............# #........
#.........#...# #......##
#.........#z..+ #......#.
#.........z@..# #......#.
#.........#z..# #......#.
#.........##########......#.
#......................#####
#..................)...#
##########.z...........#
#z............#
#.............# {
#.....#########


You could see 3 wights.

Vanquished Creatures
  A hound (D:4)
  Terence (D:2)
  Natasha (D:2)
  2 orc wizards
  An adder (D:4)
  2 worms
  3 dart slugs
  11 orcs
  7 endoplasms
  3 giant cockroaches
  7 goblins
  4 hobgoblins
  3 jackals (D:1)
  2 quokkas
  6 ball pythons
  3 bats
  3 frilled lizards (D:2)
  5 kobolds
  9 rats
74 creatures vanquished.

Vanquished Creatures (others)
  An orc wizard (D:3)
  A rat (D:3)
2 creatures vanquished.

Grand Total: 76 creatures vanquished

Notes
Turn   | Place    | Note
-------+----------+-------------------------------------------
     0 | D:1      | heikuro the Formicid Fighter began the quest for the Orb.
     0 | D:1      | Reached XP level 1. HP: 18/18 MP: 1/1
    82 | D:1      | Reached XP level 2. HP: 24/24 MP: 2/2
   251 | D:1      | Reached XP level 3. HP: 28/29 MP: 3/3
   514 | D:2      | Noticed Terence
   526 | D:2      | Killed Terence
   527 | D:2      | Reached XP level 4. HP: 15/37 MP: 4/4
   713 | D:2      | Noticed Natasha
   723 | D:2      | Killed Natasha
  1017 | D:2      | Reached XP level 5. HP: 32/42 MP: 5/5
  1498 | D:2      | Upgraded the game from 0.30-a0-222-ge547ba4400 to
                  | 0.30-a0-223-gcb0039aa0c
  1766 | D:3      | Reached skill level 5 in Shields
  1974 | D:3      | Identified the ring of the Priest {Ice Str+5 Dex-5}
  2482 | D:4      | Reached XP level 6. HP: 26/48 MP: 6/6
  2846 | D:4      | Slain by a wight

Illustrated notes

Levels and vault maps discovered:
D:1:      dpeg_arrival_round_b, layout_rooms
D:2:      layout_basic, uniq_terence, uniq_natasha
D:3:      layout_basic, serial_rivers, chequers_serial_rivers_small_b,
          chequers_serial_rivers_micro_c, chequers_serial_rivers_micro_d,
          chequers_serial_rivers_small_a, chequers_serial_rivers_marsh,
          chequers_serial_rivers_micro_e
D:4:      wander_river, layout_gridville

Skill      XL: |  1  2  3  4  5  6 |
---------------+-------------------+-----
Polearms       | 3 4 |  4.0
Armour         | 4 |  4.3
Fighting       | 4 |  4.3
Shields        | 5 |  5.2

Action                   |  1- 3 |  4- 6 || total
-------------------------+-------+-------++-------
Melee: Trident           |    68 |   179 ||   247
  Use: Scroll            |       |     6 ||     6
       Potion            |       |     2 ||     2
Armor: Scale mail        |    27 |    17 ||    44
       Swamp dragon scal |       |    58 ||    58
Dodge: Dodged            |    20 |    61 ||    81
Block: Buckler           |    13 |    38 ||    51

Table legend: (Time is in decaauts)
 A = Elapsed time spent in this place.
 B = Non-inter-level travel time spent in this place.
 C = Inter-level travel time spent in this place.
 D = Time resting spent in this place.
 E = Time spent auto-exploring this place.
 F = Levels seen in this place.
 G = Mean time per level.
                   A        B        C        D        E       F      G
               +--------+--------+--------+--------+--------+-----+--------+
         Total |   2894 |   2810 |     84 |    603 |    949 |   4 |  723.5 |
       Dungeon |   2894 |   2810 |     84 |    603 |    949 |   4 |  723.5 |
               +--------+--------+--------+--------+--------+-----+--------+

Top non-repeatable levels by time:
     D:2: 1082 daAuts
     D:3: 930 daAuts
     D:1: 499 daAuts
     D:4: 382 daAuts
